 Dungeon Crawl Stone Soup version 0.31.0-11-ge490571c62 (webtiles) character file.

Game seed: 16397283737893687474

72 SigmundSlayer the Trooper (level 4, -5/35 HPs)
             Began as a Demonspawn Berserker on Feb 2, 2024.
             Was a Believer of Trog.
             Slain by Sigmund
             ... wielding a +1 scythe of protection
              (9 damage)
             ... on level 2 of the Dungeon.
             The game lasted 00:01:32 (1654 turns).

SigmundSlayer the Trooper (Demonspawn Berserker)    Turns: 1654, Time: 00:01:32

Health: -5/35      AC:  8    Str: 19    XL:     4   Next: 7%
Magic:  4/4        EV:  9    Int:  7    God:    Trog [**....]
Gold:   82         SH:  0    Dex: 17    Spells: 3/3 levels left

rFire   . . .        a - +0 hand axe
rCold   . . .        (no shield)
rNeg    . . .        i - +0 chain mail
rPois   .            (no helmet)
rElec   .            (no cloak)
rCorr   .            (no gloves)
SInv    +            (no boots)
Will    .....        (no amulet)
Stlth   +            c - ring of see invisible
HPRegen 0.25/turn    (no ring)
MPRegen 0.09/turn

%: no passive effects
@: on berserk cooldown, slowed, very slow
A: thin skeletal structure 2
a: Renounce Religion, Berserk, Trog's Hand


You were on level 2 of the Dungeon.
You worshipped Trog.
Trog was pleased with you.
You visited 1 branch of the dungeon, and saw 2 of its levels.

You collected 82 gold pieces.

Inventory:

Hand Weapons
 a - a +0 hand axe (weapon)
Armour
 i - a +0 chain mail (worn)
Jewellery
 c - a ring of see invisible (left hand)
 n - a ring of poison resistance
Scrolls
 d - 4 scrolls of identify {unknown}
 e - a scroll of revelation {unknown}
 f - a scroll of enchant armour {unknown}
 h - a scroll of noise {unknown}
Potions
 b - a potion of cancellation {unknown}
 g - a potion of curing {unknown}
 j - a potion of invisibility {unknown}
 k - a potion of lignification {unknown}
 l - a potion of ambrosia {unknown}
 m - 2 potions of heal wounds {unknown}


   Skills:
 + Level 3.5 Fighting
 + Level 3.2 Axes
 + Level 2.4 Armour
 + Level 2.4 Dodging


You had 3 spell levels left.
You didn't know any spells.
Your spell library was empty.

Dungeon Overview and Level Annotations

Branches:
Dungeon (2/15)

Altars:

Annotations:
D:2 Sigmund


Innate Abilities, Weirdness & Mutations

You have a moderately thin skeletal structure. (Dex +4, Stealth++)


Message History

Sigmund the Dreaded comes into view.
He is wielding a +1 scythe of protection.
Sigmund shouts!
Sigmund hits you from afar with a +1 scythe of protection.
Sigmund is nearby!
Sigmund closely misses you.
You hit Sigmund but do no damage. You closely miss Sigmund.
Sigmund points at you and mumbles some strange words.
You resist with some effort.
You hit Sigmund but do no damage. Sigmund hits you but does no damage.
You fail to use your ability.
Sigmund closely misses you.
A red film seems to cover your vision as you go berserk!
You feel yourself moving faster!
You feel mighty!
Sigmund hits you with a +1 scythe of protection!
You feel a strong urge to attack something.
Sigmund barely misses you.
You see here 4 stones.
You feel your anger nearly subside.
You are no longer berserk.
You are exhausted.
You feel yourself slow down.
Okay, then.
Sigmund casts a spell at you. The puff of flame misses you.
Sigmund hits you from afar with a +1 scythe of protection.
Sigmund hits you from afar with a +1 scythe of protection.
Sigmund points at you and mumbles some strange words.
The puff of flame hits you. Sigmund attacks as he pursues you!
Sigmund closely misses you.
Sigmund points at you and mumbles some strange words.
You resist with some effort. Sigmund hits you but does no damage.
Sigmund attacks as he pursues you!
Sigmund hits you from afar with a +1 scythe of protection!
Sigmund attacks as he pursues you! Sigmund hits you but does no damage.
Sigmund attacks as he pursues you!
Sigmund hits you from afar with a +1 scythe of protection!
* * * LOW HITPOINT WARNING * * *
Sigmund hits you from afar with a +1 scythe of protection!
You die...
Sigmund begins carving another notch in his scythe.

###.## #.##.#####..##†...... #
##.## #.(....###..##.#.##.. ##.#
#.##...........#>##.# # ##.##
#####.####.###..####.##.# ###.##
#.....# #.##...# #.##.# .#.##
#.###.####.#...... ..##.# #.####
#.................#####..
.....####.....###..........####..
..........).....@..........+.....
#.##.####.....###..........####..
#.##.# #......##@#...... ##.
..##.# ##.###.##.# ..... #..
.###.# #........# ...# #.# .# #.#
#####.#### #+## #.# .###.# #.#
#.# #.# .....# #.# #.# #.# .#####
#.# ##.## #.#


You could see Sigmund.

Vanquished Creatures
  4 dart slugs
  4 bats
  4 endoplasms
  2 giant cockroaches
  6 goblins
  9 hobgoblins
  4 jackals (D:2)
  4 kobolds
  4 quokkas
  8 ball pythons
  2 frilled lizards
  4 rats (D:1)
55 creatures vanquished.

Notes
Turn   | Place    | Note
-------+----------+-------------------------------------------
     0 | D:1      | SigmundSlayer the Demonspawn Berserker began the quest for
                  | the Orb.
     0 | D:1      | Reached XP level 1. HP: 18/18 MP: 1/1
   141 | D:1      | Gained mutation: You have a somewhat thin skeletal
                  | structure. (Dex +2, Stealth+) [demonic ancestry]
   141 | D:1      | Reached XP level 2. HP: 24/24 MP: 2/2
   557 | D:1      | Reached XP level 3. HP: 12/29 MP: 3/3
   715 | D:1      | Found a faded altar of an unknown god.
   799 | D:1      | Reached ** piety under Trog
  1538 | D:2      | Gained mutation: You have a moderately thin skeletal
                  | structure. (Dex +4, Stealth++) [demonic ancestry]
  1538 | D:2      | Reached XP level 4. HP: 31/35 MP: 4/4
  1624 | D:2      | Noticed Sigmund
  1654 | D:2      | Slain by Sigmund

Illustrated notes

Levels and vault maps discovered:
D:1:      mainiacjoe_arrival_reflecting_pool, layout_basic,
          hellmonk_ecumenical_altar_pennies_from_heaven,
          nicolae_figureground_pulse
D:2:      layout_loops_corners, uniq_sigmund

Skill      XL: |  1  2 |
---------------+-------+-----
Armour         | 2 |  2.4
Dodging        | 2 |  2.4
Axes           | 3 |  3.2
Fighting       | |  3.5

Action                     |  1- 3 |  4- 6 || total
---------------------------+-------+-------++-------
  Melee: Hand axe          |   145 |    13 ||   158
         Punch             |     3 |       ||     3
 Invoke: Berserk           |     1 |     1 ||     2
   Stab: Sleeping          |     1 |       ||     1
 Armour: Animal skin       |    25 |       ||    25
         Chain mail        |    69 |    23 ||    92
  Dodge: Dodged            |    87 |    12 ||    99
